 Dungeon Crawl Stone Soup version 0.19.5 (webtiles) character file.

31 McKennaii the Skirmisher (level 3, 28/30 HPs)
             Began as a Demonspawn Abyssal Knight on Apr 27, 2017.
             Was a Believer of Lugonu.
             Quit the game on level 1 of the Dungeon.
             The game lasted 00:01:44 (634 turns).

McKennaii the Skirmisher (Demonspawn Abyssal Knight) Turns: 634, Time: 00:01:45

Health: 28/30      AC:  1    Str: 12 (14) XL:     3   Next: 7%
Magic:  4/4        EV: 11    Int: 15 (18) God:    Lugonu [**....]
Gold:   23         SH:  0    Dex: 12 (13) Spells: 0 memorised, 2 levels left

rFire  . . .     SeeInvis .     a - +1 falchion
rCold  . . .     Gourm    .     b - +0 leather armour
rNeg   . . .     Faith    .     (no shield)
rPois  .         Spirit   .     (no helmet)
rElec  .         Reflect  .     (no cloak)
rCorr  .         Harm     .     (no gloves)
MR     .....                    (no boots)
Stlth  +.........               (no amulet)
                                (no ring)
                                (no ring)

@: brilliant
A: deformed body, demonic guardian 1, mutation resistance 1, strong 1
a: Depart the Abyss, Bend Space, Renounce Religion


You were on level 1 of the Dungeon.
You worshipped Lugonu.
Lugonu was pleased with you.
You were not hungry.

You visited 1 branch of the dungeon, and saw 1 of its levels.
You visited the Abyss 1 time.

You collected 23 gold pieces.

Inventory:

Hand Weapons
 a - a +1 falchion (weapon)
Armour
 b - a +0 leather armour (worn)
Scrolls
 d - a scroll of teleportation {unknown}
 h - 3 scrolls of fog {unknown}
 i - 2 scrolls of identify {unknown}
 k - a scroll of recharging {unknown}
Potions
 e - a potion of heal wounds
Comestibles
 c - a bread ration
 f - 3 fruits
 l - a meat ration


   Skills:
 + Level 3.7 Fighting
 + Level 2.4 Long Blades
 + Level 1.7 Armour
 + Level 1.0 Dodging
 + Level 2.4 Invocations


You had 2 spell levels left.
You didn't know any spells.

Dungeon Overview and Level Annotations

Branches:
Dungeon (1/15)

Altars:


Innate Abilities, Weirdness & Mutations

A weak demonic guardian rushes to your aid.
Armour fits poorly on your strangely shaped body.
You are somewhat resistant to further mutation.
Your muscles are strong. (Str +2)


Message History

Things that are here:
a dagger; a goblin corpse You see here a dagger.
A rat comes into view.
A rat is nearby!
A rat is nearby!
A rat is nearby!
The helpless rat fails to defend itself.
You hit the rat.
You kill the rat!
Lugonu accepts your kill.
No target in view!
Okay, then.
It was a potion of degeneration.
There was something very wrong with that liquid.
You feel weakened.
You feel dopey.
You feel clumsy.
It was a potion of brilliance.
You feel clever all of a sudden.
It was a potion of curing.
You feel better.
Are you sure you want to abandon this character and quit the game? (Confirm with "yes".)

)....##.#
#)....#.#
#.#...#.#
#.#####.#
#.......#
##################
#######..........#
........########.#
######### #@#
......†..#
##########


There were no monsters in sight!

Vanquished Creatures
  2 dart slugs (D:1)
  A leopard gecko (D:1)
  A giant cockroach (D:1)
  8 goblins (D:1)
  2 hobgoblins (D:1)
  A ball python (D:1)
  4 bats (D:1)
  3 kobolds (D:1)
  2 rats (D:1)
24 creatures vanquished.

Notes
Turn   | Place    | Note
-------+----------+-------------------------------------------
     0 | Abyss:1  | McKennaii the Demonspawn Abyssal Knight began the quest for the Orb.
     0 | Abyss:1  | Reached XP level 1. HP: 18/18 MP: 2/2
    99 | Abyss:2  | Noticed a tentacled starspawn
   101 | D:1      | Escaped the Abyss
   202 | D:1      | Gained mutation: A weak demonic guardian rushes to your aid. [demonic ancestry]
   202 | D:1      | Reached XP level 2. HP: 23/24 MP: 3/3
   527 | D:1      | Gained mutation: Armour fits poorly on your strangely shaped body. [potion of mutation]
   527 | D:1      | Gained mutation: Your muscles are strong. (Str +2) [potion of mutation]
   527 | D:1      | Gained mutation: You are somewhat resistant to further mutation. [potion of mutation]
   544 | D:1      | Reached ** piety under Lugonu
   577 | D:1      | Reached skill level 1 in Dodging
   585 | D:1      | Reached XP level 3. HP: 14/30 MP: 4/4
   634 | D:1      | Quit the game

Skill      XL: |  1  2 |
---------------+-------+-----
Long Blades    | 2 |  2.4
Dodging        | 1 |  1.0
Fighting       | |  3.7
Armour         | |  1.7
Invocations    | |  2.4

Action                   || total
-------------------------++-------
Melee: Falchion          ||    48
  Use: Potion            ||     5
 Stab: Sleeping          ||     1
Armor: Leather armour    ||    11
Dodge: Dodged            ||    36
       Rpst.: Falchion   ||    14
